 Dungeon Crawl Stone Soup version 0.31-a0-765-g67fe2935dc (webtiles) character file.

Game seed: 10282011460816719634

80 pokeman the Magician (level 4, -1/25 HPs)
             Began as a Deep Elf Hedge Wizard on Sept 16, 2023.
             Killed by miscasting Mephitic Cloud (7 damage)
             ... on level 2 of the Dungeon.
             The game lasted 00:03:43 (1860 turns).

pokeman the Magician (Deep Elf Hedge Wizard)        Turns: 1860, Time: 00:03:44

Health: -1/25      AC:  2    Str:  7    XL:     4   Next: 18%
Magic:  3/13       EV: 12    Int: 21    God:
Gold:   99         SH:  0    Dex: 14    Spells: 6/14 levels left

rFire   . . .        a - +0 dagger
rCold   . . .        (no shield)
rNeg    . . .        b - +0 robe
rPois   .            c - +0 hat
rElec   .            (no cloak)
rCorr   .            (no gloves)
SInv    .            (no boots)
Will    .....        (no amulet)
Stlth   ++           (no ring)
HPRegen 0.24/turn    (no ring)
MPRegen 0.13/turn

%: no passive effects
@: lethally poisoned (-1 -> -5), very slightly contaminated
A: no striking features
a: no special abilities


You were on level 2 of the Dungeon.
You visited 1 branch of the dungeon, and saw 2 of its levels.

You collected 99 gold pieces.

Inventory:

Hand Weapons
 a - a +0 dagger (weapon)
Armour
 b - a +0 robe (worn)
 c - a +0 hat (worn)
Jewellery
 f - a ring of poison resistance
Wands
 o - a wand of quicksilver (7)
Scrolls
 j - a scroll of teleportation {unknown}
 k - a scroll of fear {unknown}
 l - a scroll of revelation {unknown}
 n - a scroll of identify {unknown}
Potions
 d - a potion of magic
 e - a potion of attraction {unknown}
 g - a potion of curing {unknown}
 h - a potion of haste {unknown}
 i - a potion of invisibility {unknown}
 m - a potion of heal wounds {unknown}
 p - a potion of enlightenment {unknown}


   Skills:
 - Level 1.0 Fighting
 - Level 1.0 Armour
 + Level 2.6 Dodging
 + Level 2.6 Stealth
 * Level 5.5 Spellcasting
 + Level 2.1 Conjurations
 - Level 1.1 Summonings
 - Level 1.1 Translocations


You had 6 spell levels left.
You knew the following spells:

 Your Spells              Type           Power      Damage    Failure   Level
a - Magic Dart            Conj           56%        1d5       4%          1
b - Mephitic Cloud        Conj/Pois/Air  8%         N/A       22%         3
c - Call Imp              Summ           20%        N/A       10%         2
d - Blink                 Tloc           20%        N/A       10%         2

Your spell library contained the following spells:

 Spells                   Type           Power      Damage    Failure   Level
 Slow                     Hex            20%        N/A       11%         1
 Cigotuvi's Dreadful Rot  Necr/Pois/Air  10%        N/A       16%         2


Dungeon Overview and Level Annotations

Branches:
Dungeon (2/15)

Altars:
Xom


Message History

You hit the gnoll.
The gnoll is severely wounded.
The gnoll closely misses you.
You hit the gnoll.
The gnoll is severely wounded.
The gnoll hits you with a +0 whip!
* * * LOW HITPOINT WARNING * * *
The gnoll hits itself with a +0 whip.
The gnoll hits the gnoll with a +0 whip!
The gnoll is killed!
You have reached level 4!
You feel clever.
Casting: Mephitic Cloud (extremely dangerous; 24% risk of failure)
Confirm with . or Enter, or press ? or * to list all spells.
Aiming: Magic Dart (safe; 4% risk of failure)
Press: ? - help, Shift-Dir - straight line, f/p - gnoll
Aim: a gnoll, wielding a +0 whip (severely wounded, confused, 100% to hit)
The magic dart hits the gnoll.
You kill the gnoll!
You start resting.
A gnoll is nearby!
A quokka comes into view.
The quokka barely misses you.
You hit the quokka.
The quokka is severely wounded.
The quokka barely misses you. The quokka bites you.
The gnoll barely misses you. The quokka attacks as it pursues you!
The quokka bites you.
* * * LOW HITPOINT WARNING * * *
The gnoll attacks as it pursues you! The gnoll hits you but does no damage.
Casting: Magic Dart (safe; 4% risk of failure)
Confirm with . or Enter, or press ? or * to list all spells.
Aiming: Mephitic Cloud (extremely dangerous; 22% risk of failure)
Press: ? - help, Shift-Dir - straight line, f - quokka
Aim: a quokka (heavily wounded, chance to affect: 96%)
You miscast Mephitic Cloud.
You are very lightly contaminated with residual magic.
You feel incredibly sick!
You are poisoned.
You die...

####### ##### #......)
##...## #. #.... #.....##
#.##..## #......#############
#.#.....
#.....)##.gr@.......##.#....<
##...#.##.##......#.##.#.....
##.##.......................
#.####..###..##...##...###.
#.###.#.###..##.).##..## ##
#g##.###.##..##...#...# #
#.#.## ##...........### #
#.##.###.######....##
#.###.#.# ###..+


You could see a gnoll and a quokka.

Vanquished Creatures
  3 gnolls (D:2)
  2 adders (D:2)
  2 endoplasms
  2 giant cockroaches (D:1)
  4 goblins
  6 hobgoblins (D:1)
  A quokka (D:2)
  2 ball pythons
  A bat (D:1)
  6 frilled lizards
  4 kobolds
  A rat (D:1)
34 creatures vanquished.

Notes
Turn   | Place    | Note
-------+----------+-------------------------------------------
     0 | D:1      | pokeman the Deep Elf Hedge Wizard began the quest for the
                  | Orb.
     0 | D:1      | Reached XP level 1. HP: 10/10 MP: 7/7
   274 | D:1      | Reached XP level 2. HP: 15/15 MP: 3/9
  1202 | D:2      | Reached skill level 5 in Spellcasting
  1202 | D:2      | Reached XP level 3. HP: 20/20 MP: 6/11
  1206 | D:2      | Learned a level 3 spell: Mephitic Cloud
  1209 | D:2      | Learned a level 2 spell: Call Imp
  1212 | D:2      | Learned a level 2 spell: Blink
  1283 | D:2      | Found a shimmering altar of Xom.
  1493 | D:2      | Reached skill level 1 in Armour
  1674 | D:2      | Reached skill level 1 in Fighting
  1836 | D:2      | Reached XP level 4. HP: 4/25 MP: 4/13
  1860 | D:2      | Killed by miscasting Mephitic Cloud

Illustrated notes

Levels and vault maps discovered:
D:1:      dpeg_arrival_tiny_a, layout_loops_ring, chequers_jeans
D:2:      cheibrodos_greedy_goblins, layout_loops_ring, basic_altar

Skill      XL: |  1  2  3 |
---------------+----------+-----
Spellcasting   | 5 |  5.5
Armour         | 1 |  1.0
Fighting       | 1 |  1.0
Conjurations   | 2 |  2.1
Dodging        | |  2.6
Stealth        | |  2.6
Summonings     | |  1.1
Translocations | |  1.1

Action                     |  1- 3 |  4- 6 || total
---------------------------+-------+-------++-------
  Melee: Dagger            |    12 |     1 ||    13
   Cast: Magic Dart        |    77 |     1 ||    78
         Mephitic Cloud    |     3 |       ||     3
   Stab: Confused          |     1 |       ||     1
 Armour: Robe              |    10 |     3 ||    13
  Dodge: Dodged            |     4 |     3 ||     7

Table legend: (Time is in decaauts)
 A = Elapsed time spent in this place.
 B = Non-inter-level travel time spent in this place.
 C = Inter-level travel time spent in this place.
 D = Time resting spent in this place.
 E = Time spent auto-exploring this place.
 F = Levels seen in this place.
 G = Mean time per level.
                   A        B        C        D        E       F      G
               +--------+--------+--------+--------+--------+-----+--------+
         Total |   1859 |   1840 |     19 |      2 |   1634 |   2 |  929.5 |
       Dungeon |   1859 |   1840 |     19 |      2 |   1634 |   2 |  929.5 |
               +--------+--------+--------+--------+--------+-----+--------+

Top non-repeatable levels by time:
     D:1: 1198 daAuts
     D:2: 661 daAuts
